 Dungeon Crawl Stone Soup version 0.25.1-2-g60ff931df9 (webtiles) character file.

Game seed: 12421932097129108766

454 MajorAdolf the Skirmisher (level 7, -4/69 HPs)
             Began as a Naga Wanderer on Nov 17, 2020.
             Killed by divine providence
             ... invoked by an orc priest
              (13 damage)
             ... on level 5 of the Dungeon.
             The game lasted 00:06:41 (4134 turns).

MajorAdolf the Skirmisher (Naga Wanderer)           Turns: 4134, Time: 00:06:41

Health: -4/69      AC:  3    Str: 15    XL:     7   Next: 5%
Magic:  7/7        EV:  9    Int: 14    God:
Gold:   190        SH:  0    Dex: 10    Spells: 6/6 levels left

rFire    . . .     SeeInvis +   a - +2 shortbow
rCold    . . .     Gourm    .   (shield currently unavailable)
rNeg     . . .     Faith    .   e - +0 robe
rPois    +         Spirit   .   (no helmet)
rElec    .         Reflect  .   (no cloak)
rCorr    .         Harm     .   (no gloves)
MR       .....                  (no barding)
Stlth    ++........             j - amulet of regeneration
HPRegen  0.61/turn              (no ring)
MPRegen  0.10/turn              (no ring)

@: slowed, very slow
A: large, see invisible, deformed body, poison resistance, slowness 2, slow
metabolism 1, spit poison 1, AC +2
a: Spit Poison


You were on level 5 of the Dungeon.
You were not hungry.

You visited 1 branch of the dungeon, and saw 6 of its levels.

You collected 190 gold pieces.

Inventory:

Hand Weapons
 a - a +2 shortbow (weapon)
 c - a +0 mace
 h - a +0 war axe
 q - a +3 dagger
Missiles
 b - 5 arrows (quivered)
Armour
 e - a +0 robe (worn)
Jewellery
 j - an amulet of regeneration (around neck)
Scrolls
 r - a scroll of remove curse
Potions
 d - a potion of curing
 i - 2 potions of cancellation
 k - a potion of brilliance
 n - a potion of magic
Comestibles
 f - 8 rations


   Skills:
 - Level 6.2 Fighting
 + Level 5.1 Axes
 - Level 1.7 Bows
 - Level 1.0 Throwing
 - Level 1.5 Armour
 - Level 1.5 Stealth


You had 6 spell levels left.
You didn't know any spells.
Your spell library was empty.

Dungeon Overview and Level Annotations

Branches:
Dungeon (7/15)
 Temple: D:4-7

Altars:
Xom

Shops:
D:5 %

Annotations:
D:2 1 runed translucent door, Crazy Yiuf


Innate Abilities, Weirdness & Mutations

You cannot wear boots.
Your serpentine skin is tough. (AC +2)
You have supernaturally acute eyesight. (SInv)
Armour fits poorly on your strangely shaped body.
Your system is resistant to poisons. (rPois)
You cover ground very slowly.
You have a slow metabolism.
You can spit poison.


Message History

* * * LOW HITPOINT WARNING * * *
The orc priest barely misses you. The orc priest closely misses you.
Firing (i - inventory)
b - 6 arrows (quivered)
Press: ? - help, Shift-Dir - straight line, f/p - orc wizard
Aim: an orc wizard, wielding a +0 dagger and wearing a +0 robe (almost dead, fast)
You shoot an arrow. The arrow hits the orc wizard.
You kill the orc wizard!
Your Axes skill increases to level 5!
You have reached level 7!
The orc priest mumbles some strange prayers to Beogh against you.
Beogh smites you!
* * * LOW HITPOINT WARNING * * *
The orc priest looks encouraged for a moment.
The orc priest hits you with a cursed -1 club.
* * * LOW HITPOINT WARNING * * *
The orc priest looks satisfied for a moment.
It was a potion of magic.
Magic courses through your body.
The orc priest calls down the wrath of Beogh upon you.
Beogh smites you!
You die...

#######..####
#.....#.###.########(
.......∩.............
#.##..#.#......#
#.##.##.##...#.#
#.##.##.###.o#o#
#.##.##.# ##o#o.
##.##.##.# #o####
#........# #@#
#..##.#### #(#
#.>##.# #(#
#.....##.# #.#
......##.# #.#
########.#######.#
#........(#
###########


You could see 3 orc priests.

Vanquished Creatures
  A phantom (D:2)
  2 bullfrogs (D:7)
  2 orc priests
  An orc wizard (D:5)
  3 gnolls (D:2)
  6 adders
  An adder zombie (D:7)
  3 dart slugs
  4 leopard geckos
  2 orcs (D:3)
  2 ball pythons
  3 giant cockroaches
  7 goblins
  2 hobgoblins
  4 bats
  11 frilled lizards
  A giant cockroach zombie (D:5)
  7 kobolds
  2 rats (D:1)
64 creatures vanquished.

Vanquished Creatures (others)
  An ogre (D:7)
  5 plants (D:2)
6 creatures vanquished.

Grand Total: 70 creatures vanquished

Notes
Turn   | Place    | Note
-------+----------+-------------------------------------------
     0 | D:1      | MajorAdolf the Naga Wanderer began the quest for the Orb.
     0 | D:1      | MajorAdolf set off with the following items: a +2 shortbow,
                  | 27 arrows, a +0 mace, a potion of curing, a +0 robe, a
                  | ration
     0 | D:1      | Reached XP level 1. HP: 22/22 MP: 1/1
   150 | D:1      | Reached XP level 2. HP: 21/31 MP: 2/2
   656 | D:1      | Found a shimmering altar of Xom.
   684 | D:1      | Reached XP level 3. HP: 38/38 MP: 3/3
   921 | D:2      | Found a runed translucent door.
   922 | D:2      | Noticed Crazy Yiuf
   996 | D:2      | Reached skill level 5 in Fighting
  1119 | D:2      | Reached XP level 4. HP: 45/46 MP: 4/4
  1443 | D:2      | Reached skill level 6 in Fighting
  1487 | D:2      | Reached XP level 5. HP: 53/55 MP: 5/5
  1922 | D:3      | Noticed a phantom
  2039 | D:2      | Reached skill level 1 in Axes
  2287 | D:2      | Killed a phantom
  2287 | D:2      | Reached XP level 6. HP: 34/62 MP: 6/6
  3415 | D:3      | You fall into a shaft and drop 3 floors!
  4066 | D:5      | Entered Level 5 of the Dungeon
  4077 | D:5      | Found Seubric's Food Shoppe.
  4125 | D:5      | HP: 3/62 [orc priest/divine providence (13)]
  4133 | D:5      | Reached skill level 5 in Axes
  4133 | D:5      | Reached XP level 7. HP: 19/69 MP: 7/7
  4134 | D:5      | Killed from afar by an orc priest

Illustrated notes

Levels and vault maps discovered:
D:1:      sevenhm_arrival_forest_fort_small_6, layout_basic, minmay_pentomino_v2
D:2:      layout_basic, minivault_23, minmay_lizard_king,
          uniq_crazy_yiuf_cottage
D:3:      layout_basic, old_standard_altar, serial_bayou_pond_c
D:5:      layout_loops_ring, temple_green, serial_shops, nicolae_shop_crystal,
          first_ration
D:6:      layout_loops_corners, basic_altar, minmay_misc_feat_diagonals,
          nemelex_spade_bored_becter
D:7:      layout_loops_ring, the_bakery, serial_bayou_pond_e,
          lemuel_flamethrower_2, uniq_maggie, uniq_harold

Skill      XL: |  1  2  3  4  5  6 |
---------------+-------------------+-----
Fighting       | 5 6 |  6.2
Axes           | 3 5 |  5.1
Bows           | |  1.7
Throwing       | |  1.0
Armour         | |  1.5
Stealth        | |  1.5

Action                   |  1- 3 |  4- 6 |  7- 9 || total
-------------------------+-------+-------+-------++-------
 Fire: Shortbow          |    62 |   139 |       ||   201
 Abil: Spit Poison       |       |     4 |       ||     4
  Use: Scroll            |       |     8 |       ||     8
       Potion            |       |     4 |     1 ||     5
  Eat: Chunk             |       |     7 |       ||     7
Armor: Robe              |     6 |    23 |       ||    29
Dodge: Dodged            |    12 |    63 |       ||    75
